 Dungeon Crawl Stone Soup version 0.27-a0-1312-g5cdb2b3542 (webtiles) character file.

Game seed: 706606933388305182

426 trckry the Firebug (level 6, 0/35 HPs)
             Began as a Deep Elf Fire Elementalist on June 19, 2021.
             Slain by a vampire mosquito (1 damage)
             ... on level 5 of the Dungeon.
             The game lasted 00:14:13 (4919 turns).

trckry the Firebug (Deep Elf Fire Elementalist)     Turns: 4919, Time: 00:14:14

Health: 0/35       AC:  3    Str:  7    XL:     6   Next: 64%
Magic:  13/14      EV: 13    Int: 24    God:
Gold:   192        SH:  0    Dex: 15    Spells: 9/13 levels left

rFire    . . .     SeeInvis .   w - +5 trident "Jievemme" {vorpal, rPois Int+4 Stlth-}
rCold    . . .     Faith    .   (no shield)
rNeg     . . .     Spirit   .   q - +0 robe
rPois    +         Reflect  .   r - +0 helmet
rElec    .         Harm     .   (no cloak)
rCorr    .         Rampage  .   (no gloves)
Will     +....                  (no boots)
Stlth    +.........             i - amulet of magic regeneration
HPRegen  0.11/turn              c - ring of willpower
MPRegen  0.39/turn              (no ring)

@: no status effects
A: no striking features
a: no special abilities


You were on level 5 of the Dungeon.
You visited 1 branch of the dungeon, and saw 5 of its levels.

You collected 192 gold pieces.

Inventory:

Hand Weapons
 w - the +5 trident "Jievemme" (weapon) {vorpal, rPois Int+4 Stlth-}
   (You found it on level 5 of the Dungeon)

   It inflicts extra damage upon your enemies.
   It affects your intelligence (+4).
   It protects you from poison.
   It makes you less stealthy.
Missiles
 p - a poisoned dart (quivered)
Armour
 q - a +0 robe (worn)
 r - a +0 helmet (worn)
 v - a +0 tower shield
Jewellery
 c - a ring of willpower (left hand)
 i - an amulet of magic regeneration (around neck)
Scrolls
 b - a scroll of summoning {unknown}
 d - 2 scrolls of amnesia {unknown}
 f - 2 scrolls of magic mapping {unknown}
 g - a scroll of holy word {unknown}
 h - 2 scrolls of vulnerability {unknown}
 n - 5 scrolls of identify {unknown}
 o - 2 scrolls of silence {unknown}
 t - a scroll of fog {unknown}
Potions
 e - 2 potions of lignification {unknown}
 j - a potion of magic {unknown}
 k - a potion of curing
 l - a potion of cancellation {unknown}
 m - a potion of degeneration {unknown}
 s - a potion of brilliance {unknown}
 u - a potion of might {unknown}


   Skills:
 + Level 1.7 Fighting
 + Level 3.9 Dodging
 - Level 2.4 Stealth
 + Level 4.4 Spellcasting
 * Level 4.1 Conjurations
 * Level 5.3 Fire Magic


You had 9 spell levels left.
You knew the following spells:

 Your Spells              Type           Power      Damage    Failure   Level
a - Foxfire               Conj/Fire      100%       2x1d9     1%          1
b - Conjure Flame         Conj/Fire      28%        6-21      4%          3

Your spell library contained the following spells:

 Spells                   Type           Power      Damage    Failure   Level
 Inner Flame              Hex/Fire       18%        N/A       10%         3
 Sticky Flame             Conj/Fire      28%        2d5       13%         4
 Fireball                 Conj/Fire      14%        3d8       36%         5


Dungeon Overview and Level Annotations

Branches:
Dungeon (5/15)
 Temple: D:4-7

Altars:
Beogh

Shops:
D:5 !

Annotations:
D:3 3 runed translucent doors, Nolbo's ghost, weakling GnWz


Message History

Casting: Foxfire (safe; 1% risk of failure)
Confirm with . or Enter, or press ? or * to list all spells.
There is not enough space to conjure foxfire!
Your foxfire dissipates!
The foxfire hits the vampire mosquito!
The vampire mosquito is heavily damaged.
The vampire mosquito barely misses you. The vampire mosquito bites you.
The vampire mosquito draws strength from your injuries!
You take 3 damage, and have 22/35 hp.
The vampire mosquito bites you!
The vampire mosquito draws strength from your injuries!
You take 6 damage, and have 16/35 hp.
The vampire mosquito barely misses you.
Found a club and 19 arrows.
You miss the vampire mosquito.
The vampire mosquito is lightly damaged.
The vampire mosquito bites you.
The vampire mosquito draws strength from your injuries!
The vampire mosquito barely misses you.
You take 4 damage, and have 12/35 hp.
Okay, then.
Okay, then.
Sorry, you're not good enough to have a special ability.
Casting: Foxfire (safe; 1% risk of failure)
Confirm with . or Enter, or press ? or * to list all spells.
Okay, then.
Unknown command.
Unknown command.
Throw: 2 darts (poison)
Press: ? - help, Q - select action, (/) - cycle Shift-Dir - straight line, f - vampire mosquito
Aim: a vampire mosquito (lightly damaged, 38% to hit)
You throw a poisoned dart.
The poisoned dart hits the vampire mosquito.
The vampire mosquito is lightly damaged.
The vampire mosquito bites you!
* * * LOW HITPOINT WARNING * * *
The vampire mosquito draws strength from your injuries!
The vampire mosquito bites you.
You die...

.(. #.#.## #.. .
###(#.#..# #.. ..
.∩#.#.#..# #.. ##..
.##.#.#..# #.# ..# #
#.#..# #.#..# #.# #
#..# #.#y# .. #..#
#..#
(##########..####.#.#
)......@yD........#
§#
.###############..#
D#. #...# Z# #.#..# .
#.##..# #.# #..# ..#
#..# ### #.. ##


You could see a steam dragon and a vampire mosquito.

Vanquished Creatures
  An ogre (D:4)
  A killer bee (D:5)
  2 hounds
  An iguana (D:5)
  Terence (D:2)
  Robin (D:4)
  3 gnolls (D:4)
  3 adders
  2 ufetubi (D:5)
  A worm (D:4)
  5 dart slugs
  3 orcs
  11 ball pythons
  3 bats (D:1)
  9 endoplasms
  A giant cockroach (D:4)
  13 goblins
  8 hobgoblins
  12 jackals
  4 quokkas
  4 frilled lizards
  6 kobolds
  4 rats
99 creatures vanquished.

Vanquished Creatures (others)
  358 foxfires
358 creatures vanquished.

Grand Total: 457 creatures vanquished

Notes
Turn   | Place    | Note
-------+----------+-------------------------------------------
     0 | D:1      | trckry the Deep Elf Fire Elementalist began the quest for
                  | the Orb.
     0 | D:1      | Reached XP level 1. HP: 10/10 MP: 6/6
   263 | D:1      | Reached XP level 2. HP: 15/15 MP: 4/8
   767 | D:1      | Reached XP level 3. HP: 20/20 MP: 5/9
  1343 | D:2      | Noticed Terence
  1368 | D:2      | Reached skill level 4 in Fire Magic
  1376 | D:2      | Killed Terence
  1377 | D:2      | Reached XP level 4. HP: 15/24 MP: 7/11
  1913 | D:3      | Found a runed translucent gate.
  1913 | D:3      | Found a runed translucent gate.
  1913 | D:3      | Found a runed translucent gate.
  1913 | D:3      | Noticed Nolbo's ghost (weakling GnWz)
  2218 | D:3      | Found a faded altar of an unknown god.
  2476 | D:4      | Noticed Robin
  2753 | D:4      | Reached skill level 1 in Fighting
  2762 | D:4      | Killed Robin
  3002 | D:4      | Reached XP level 5. HP: 29/29 MP: 9/12
  3874 | D:4      | Noticed an ogre
  3893 | D:4      | Killed an ogre
  3894 | D:4      | Reached XP level 6. HP: 34/34 MP: 11/14
  4227 | D:4      | Reached skill level 5 in Fire Magic
  4536 | D:4      | Learned a level 3 spell: Conjure Flame
  4593 | D:5      | Entered Level 5 of the Dungeon
  4835 | D:5      | Identified the +5 trident "Jievemme" {vorpal, rPois Int+4
                  | Stlth-}
  4844 | D:5      | Found Iseac's Distillery.
  4896 | D:5      | Noticed a steam dragon
  4904 | D:5      | Noticed a vampire mosquito
  4919 | D:5      | HP: 1/35 [vampire mosquito (11)]
  4919 | D:5      | Slain by a vampire mosquito

Illustrated notes

Levels and vault maps discovered:
D:1:      minmay_arrival_three_doors, layout_basic
D:2:      layout_rooms, uniq_terence
D:3:      layout_rooms, biasface_ghost_orc_armoury,
          hellmonk_ecumenical_altar_leap_of_faith
D:4:      wander_river, layout_basic, uniq_robin
D:5:      layout_basic, serial_shops, nicolae_inconvenience_store,
          minmay_manual_mail

Skill      XL: |  1  2  3  4  5  6 |
---------------+-------------------+-----
Conjurations   | 2 3 4 |  4.1
Fire Magic     | 4 5 |  5.3
Dodging        | 3 |  3.9
Fighting       | 1 |  1.7
Spellcasting   | 4 |  4.4
Stealth        | |  2.4

Action                   |  1- 3 |  4- 6 || total
-------------------------+-------+-------++-------
Melee: Long sword        |       |     3 ||     3
       Trident           |       |     1 ||     1
Throw: Dart              |       |     4 ||     4
 Cast: Foxfire           |    66 |   179 ||   245
Armor: Robe              |     6 |     6 ||    12
Dodge: Dodged            |    14 |    45 ||    59
       Rpst.: Long sword |       |     5 ||     5

Table legend: (Time is in decaauts)
 A = Elapsed time spent in this place.
 B = Non-inter-level travel time spent in this place.
 C = Inter-level travel time spent in this place.
 D = Time resting spent in this place.
 E = Time spent auto-exploring this place.
 F = Levels seen in this place.
 G = Mean time per level.
                   A        B        C        D        E       F      G
               +--------+--------+--------+--------+--------+-----+--------+
         Total |   4943 |   4725 |    218 |    580 |   3318 |   5 |  988.6 |
       Dungeon |   4943 |   4725 |    218 |    580 |   3318 |   5 |  988.6 |
               +--------+--------+--------+--------+--------+-----+--------+

Top non-repeatable levels by time:
     D:4: 1993 daAuts
     D:1: 1229 daAuts
     D:3: 747 daAuts
     D:2: 649 daAuts
     D:5: 323 daAuts
